 Dungeon Crawl Stone Soup version 0.21.1-1-g345015fe64 (webtiles) character file.

571 KleinerIrrer the Chopper (level 7, -1/44 HPs)
             Began as a Gargoyle Fighter on Apr 4, 2018.
             Was an Initiate of Okawaru.
             Slain by an ogre
             ... wielding a +0 giant spiked club
              (21 damage)
             ... on level 4 of the Dungeon.
             The game lasted 00:01:50 (5706 turns).

KleinerIrrer the Chopper (Gargoyle Fighter)         Turns: 5706, Time: 00:01:50

Health: -1/44      AC: 13    Str: 22    XL:     7   Next: 34%
Magic:  7/7        EV:  6    Int:  8    God:    Okawaru [......]
Gold:   183        SH:  9    Dex:  9    Spells: 6/6 levels left

rFire    . . .     SeeInvis +   Y - +1 war axe
rCold    . . .     Gourm    .   c - +0 shield
rNeg     + . .     Faith    .   k - +0 chain mail
rPois    ∞         Spirit   .   (no helmet)
rElec    +         Reflect  .   (no cloak)
rCorr    .         Harm     .   (no gloves)
MR       .....                  (no boots)
Stlth    ..........             (no amulet)
HPRegen  0.14/turn              f - ring of see invisible
MPRegen  0.10/turn              (no ring)

@: no status effects
A: negative energy resistance 1, electricity resistance, unbreathing,
petrification resistance, rot immunity, AC +4
a: Renounce Religion


You were on level 4 of the Dungeon.
You worshipped Okawaru.
Okawaru was noncommittal.
You were not hungry.

You visited 2 branches of the dungeon, and saw 5 of its levels.

You collected 183 gold pieces.


Innate Abilities, Weirdness & Mutations

You are resistant to torment.
Your stone body is resilient. (AC +4)
You are immune to poison.
You resist negative energy. (rN+)
You are resistant to electric shocks. (rElec)
You can survive without breathing.
You are immune to petrification.
You are immune to rotting.


   Skills:
 - Level 4.5 Fighting
 + Level 6.0 Axes
 - Level 3.2 Armour
 - Level 1.6 Dodging
 - Level 4.0 Shields


You had 6 spell levels left.
You didn't know any spells.

Inventory:

Hand Weapons
 j - a +0 mace
 Y - a +1 war axe (weapon)
Armour
 c - a +0 shield (worn)
 k - a +0 chain mail (worn)
Jewellery
 b - an uncursed ring of protection from fire {unknown}
 f - a ring of see invisible (left hand)
Scrolls
 a - 3 scrolls of enchant armour
 m - a scroll of identify
 n - 4 scrolls of remove curse
Potions
 d - 2 potions of might
 g - a potion of ambrosia {unknown}
 i - a potion of resistance
 l - a potion of cancellation
 p - a potion of curing
Comestibles
 e - 6 rations

Dungeon Overview and Level Annotations

Branches:
Dungeon (4/15)             Temple (1/1) D:4

Altars:
Ashenzari
Cheibriados
Dithmenos
Elyvilon
Fedhas
Gozag
Hepliaklqana
Kikubaaqudgha
Makhleb
Nemelex Xobeh
Okawaru
Ru
Sif Muna
Uskayaw
Vehumet
Wu Jian
Xom
Yredelemnul
Zin
The Shining One


Message History

An ogre comes into view. It is wielding a giant spiked club.
The ogre shouts!
Found a stone staircase leading down.
You slash the ogre!
The ogre is heavily wounded.
You block the ogre's attack.
You hit the ogre.
The ogre is severely wounded.
The ogre hits you with a giant spiked club!
Your shield and chain mail prevent you from hitting the ogre.
The ogre is heavily wounded.
The ogre hits you with a giant spiked club!!
There is a stone staircase leading up here.
You slash the ogre!
The ogre is almost dead.
You block the ogre's attack.
Your shield and chain mail prevent you from hitting the ogre.
The ogre is almost dead.
The ogre hits you with a giant spiked club!!
You die...

##.........##..# ##........#....
.#.......)..#..####...###....####
#....................## ##...
.....................# #.
########.............##
#####..........## ###.........##
#.......)..## ##..@....###.### #
#...O..........# ##
#.........#....## .#######
##...##....#.....##
.......#####....###...#.##.#.##
.###...........## #...#######.#
.# #####.......# ##.### ### ##
####....###...# # ###...##...#


You could see an ogre.

Vanquished Creatures
  The ghost of brittlin the Skirmisher, an amateur HOFi (D:4)
  A phantom (D:4)
  An ogre (D:4)
  A hound (D:4)
  An orc wizard (D:4)
  A jelly (D:2)
  A worker ant (D:4)
  3 adders (D:3)
  An ooze (D:3)
  A worm (D:3)
  2 dart slugs (D:1)
  2 leopard geckos
  6 orcs
  2 ball pythons
  3 giant cockroaches
  10 goblins
  10 hobgoblins
  16 jackals
  A quokka (D:2)
  7 bats
  7 frilled lizards
  5 kobolds
  12 rats
95 creatures vanquished.

Notes
Turn   | Place    | Note
-------+----------+-------------------------------------------
     0 | D:1      | KleinerIrrer the Gargoyle Fighter began the quest for the Orb.
     0 | D:1      | Reached XP level 1. HP: 14/14 MP: 1/1
     0 | D:1      | 0 ||| counter = 19
     3 | D:1      | Noticed an electric eel
     3 | D:1      | Noticed an electric eel
    48 | D:1      | Reached skill level 2 in Axes
   104 | D:1      | Reached XP level 2. HP: 19/19 MP: 2/2
   279 | D:1      | Reached skill level 3 in Axes
   407 | D:1      | Reached XP level 3. HP: 23/23 MP: 3/3
   916 | D:1      | 916 ||| UPGRADING to chain mail.
   926 | D:1      | 926 ||| DROPPING +0 scale mail.
   927 | D:1      | 927 ||| READING 2 scrolls labeled OBUHO ISIERE.
   928 | D:1      | 928 ||| READING 3 scrolls labeled ATSIFIEKYSE.
   929 | D:1      | 929 ||| READING 3 scrolls labeled QOKHUG YMELECA.
   930 | D:1      | 930 ||| UPGRADING to mace.
   931 | D:1      | 931 ||| SWAPPING to +0 war axe.
   932 | D:1      | 932 ||| UPGRADING to blackened garnet ring.
   933 | D:1      | 933 ||| READING 2 scrolls of identify.
   933 | D:1      | 933 ||| IDENTIFYING white potion
   934 | D:1      | 934 ||| DROPPING potion of flight.
   975 | D:2      | 975 ||| STAIRDANCE
  1173 | D:2      | Reached skill level 4 in Axes
  1173 | D:2      | Reached XP level 4. HP: 17/28 MP: 4/4
  1431 | D:2      | Found a deep blue altar of Sif Muna.
  1432 | D:2      | Found an ancient bone altar of Kikubaaqudgha.
  2014 | D:2      | Found an ornate altar of the Wu Jian Council.
  2015 | D:2      | Found an opulent altar of Gozag.
  2074 | D:2      | 2074 ||| READING scroll labeled KUHISE IDACO.
  2075 | D:2      | 2075 ||| READING scroll labeled ESCHOU EXTADOA.
  2076 | D:2      | 2076 ||| READING 3 scrolls of identify.
  2076 | D:2      | 2076 ||| IDENTIFYING fuming silvery potion
  2077 | D:2      | 2077 ||| READING 2 scrolls of identify.
  2077 | D:2      | 2077 ||| IDENTIFYING green potion
  2078 | D:2      | 2078 ||| DROPPING potion of degeneration.
  2212 | D:3      | Reached XP level 5. HP: 30/32 MP: 5/5
  2749 | D:3      | 2749 ||| READING scroll labeled XAITIF MACSU.
  2750 | D:3      | 2750 ||| READING scroll labeled BIHIVU HUECH.
  2751 | D:3      | 2751 ||| READING scroll labeled VUNUNUS KUKUI.
  2754 | D:3      | 2754 ||| READING scroll labeled LASOTA DOFRAPH.
  2755 | D:3      | 2755 ||| READING 4 scrolls of identify.
  2755 | D:3      | 2755 ||| IDENTIFYING inky potion
  2756 | D:3      | 2756 ||| READING 3 scrolls of identify.
  2756 | D:3      | 2756 ||| IDENTIFYING metallic grey potion
  2757 | D:3      | 2757 ||| READING 2 scrolls of identify.
  2757 | D:3      | 2757 ||| IDENTIFYING sapphire potion
  2758 | D:3      | 2758 ||| DROPPING potion of agility.
  2821 | D:4      | Reached skill level 5 in Axes
  3012 | D:4      | Noticed an ogre
  3028 | D:4      | 3028 ||| STAIRDANCE
  3201 | D:3      | 3201 ||| DRINKING 2 golden potions.
  3202 | D:3      | 3202 ||| READING 2 scrolls of identify.
  3202 | D:3      | 3202 ||| IDENTIFYING sedimented dark potion
  3203 | D:3      | 3203 ||| DROPPING potion of brilliance.
  3206 | D:4      | HP: 4/32 [ogre/giant club (11)]
  3207 | D:4      | 3207 ||| DRINKING 2 potions of heal wounds.
  3210 | D:4      | Killed an ogre
  3210 | D:4      | Reached XP level 6. HP: 25/39 MP: 6/6
  3211 | D:4      | 3211 ||| STAIRDANCE
  3338 | D:4      | Found a burning altar of Makhleb.
  3638 | D:4      | Noticed brittlin's ghost (amateur HOFi)
  3697 | D:4      | 3697 ||| STAIRDANCE
  3753 | D:4      | 3753 ||| STAIRDANCE
  3903 | D:3      | 3903 ||| EATING 8 rations.
  3907 | D:4      | 3907 ||| STAIRDANCE
  3981 | D:4      | 3981 ||| STAIRDANCE
  4024 | D:4      | 4024 ||| STAIRDANCE
  4083 | D:4      | 4083 ||| STAIRDANCE
  4159 | D:4      | 4159 ||| STAIRDANCE
  4278 | D:4      | 4278 ||| STAIRDANCE
  4372 | D:4      | 4372 ||| STAIRDANCE
  4489 | D:4      | 4489 ||| STAIRDANCE
  4566 | D:4      | 4566 ||| STAIRDANCE
  4741 | D:4      | 4741 ||| STAIRDANCE
  4825 | D:4      | 4825 ||| STAIRDANCE
  4934 | D:4      | 4934 ||| STAIRDANCE
  4997 | D:3      | 4997 ||| EATING 7 rations.
  5006 | D:4      | 5006 ||| STAIRDANCE
  5130 | D:4      | 5130 ||| STAIRDANCE
  5210 | D:4      | 5210 ||| STAIRDANCE
  5270 | D:4      | 5270 ||| STAIRDANCE
  5320 | D:4      | HP: 9/39 [brittlin's ghost (3)]
  5321 | D:4      | 5321 ||| DRINKING potion of heal wounds.
  5330 | D:4      | Killed brittlin's ghost
  5330 | D:4      | Reached skill level 6 in Axes
  5330 | D:4      | Reached XP level 7. HP: 27/44 MP: 7/7
  5473 | D:4      | Reached skill level 1 in Dodging
  5531 | D:4      | Found a staircase to the Ecumenical Temple.
  5539 | Temple   | Entered the Ecumenical Temple
  5540 | Temple   | 5540 ||| Entered T.
  5602 | Temple   | Became a worshipper of Warmaster Okawaru
  5706 | D:4      | Slain by an ogre

Vault maps used:
D:1:      arrival_aquarium_b, st_stairs_12
D:2:      nicolae_overflow_hidden_temple
D:3:      first_ration, minmay_misc_feat_chi, minmay_misc_feat_nine_boxes,
          st_stairs_4
D:4:      minmay_temple_entry_butterflies, serial_shops, kennysheep_mini,
          corexii_shack, serial_bayou_pond_a, minmay_misc_feat_roman,
          bloody_makhleb
Temple:   kb_temple_of_zot

Skill      XL: |  1  2  3  4  5  6  7 |
---------------+----------------------+-----
Axes           | 2 3 4 5 6 |  6.0
Fighting       | 4 |  4.5
Shields        | 4 |  4.0
Dodging        | 1 |  1.6
Armour         | |  3.2

Action                   |  1- 3 |  4- 6 |  7- 9 || total
-------------------------+-------+-------+-------++-------
Melee: War axe           |    93 |   272 |    17 ||   382
  Use: Scroll            |     4 |    12 |       ||    16
       Potion            |       |     3 |       ||     3
  Eat: Chunk             |     1 |     8 |       ||     9
       Ration            |       |     2 |       ||     2
Armor: Scale mail        |    25 |       |       ||    25
       Chain mail        |     4 |   153 |     7 ||   164
Dodge: Dodged            |    17 |    45 |     4 ||    66
Block: Shield            |    54 |   149 |     2 ||   205

Table legend:
 A = Spawn XP
 B = Non-spawn XP
 C = Spawn XP percentage of total XP
 D = Spawn monster count
 E = Non-spawn monster count
 F = Spawn count percentage of total count
 G = Total turns spent on level
                    A         B        C        D         E        F      G
               +---------+---------+-------+---------+---------+-------+---------
         Total |       0 |     816 |   0.0 |       0 |      95 |   0.0 |  5706
               +---------+---------+-------+---------+---------+-------+---------
           D:1 |       0 |      56 |   0.0 |       0 |      30 |   0.0 |  1048
           D:2 |       0 |      82 |   0.0 |       0 |      27 |   0.0 |  1078
           D:3 |       0 |      83 |   0.0 |       0 |      24 |   0.0 |  2457
           D:4 |       0 |     595 |   0.0 |       0 |      14 |   0.0 |  1013
               +---------+---------+-------+---------+---------+-------+---------
